 Dungeon Crawl Stone Soup version 0.22-a0-348-gd16d139 (webtiles) character file.

7 xccam the Vexing (level 2, -1/26 HPs)
             Began as a Gnoll Wanderer on Apr 8, 2018.
             Slain by a hobgoblin
             ... wielding a +0 club
              (4 damage)
             ... on level 1 of the Dungeon.
             The game lasted 00:00:23 (105 turns).

xccam the Vexing (Gnoll Wanderer)                    Turns: 105, Time: 00:00:24

Health: -1/26      AC:  2    Str: 14    XL:     2   Next: 0%
Magic:  5/5        EV: 11    Int: 15    God:
Gold:   16         SH:  0    Dex: 13    Spells: 6/6 levels left

rFire    . . .     SeeInvis .   e - +0 club
rCold    . . .     Gourm    .   (no shield)
rNeg     . . .     Faith    .   d - +0 robe
rPois    .         Spirit   .   (no helmet)
rElec    .         Reflect  .   (no cloak)
rCorr    .         Harm     .   (no gloves)
MR       .....                  (no boots)
Stlth    +.........             (no amulet)
HPRegen  0.08/turn              (no ring)
MPRegen  0.09/turn              (no ring)

@: no status effects
A: distributed training, fangs 1, strong nose
a: no special abilities


You were on level 1 of the Dungeon.
You were not hungry.

You visited 1 branch of the dungeon, and saw 1 of its levels.

You collected 16 gold pieces.

Inventory:

Hand Weapons
 e - a +0 club (weapon)
Armour
 d - a +0 robe (worn)
Scrolls
 c - a scroll of teleportation
Comestibles
 f - 2 rations


   Skills:
 + Level 4.4 Fighting
 + Level 0.2 Short Blades
 + Level 0.2 Long Blades
 + Level 0.2 Axes
 + Level 0.2 Maces & Flails
 + Level 0.2 Polearms
 + Level 0.2 Staves
 + Level 0.2 Slings
 + Level 0.2 Bows
 + Level 0.2 Crossbows
 + Level 0.2 Throwing
 + Level 2.4 Armour
 + Level 0.2 Dodging
 + Level 0.2 Stealth
 + Level 2.4 Shields
 + Level 0.2 Unarmed Combat
 + Level 2.6 Spellcasting
 + Level 0.1 Conjurations
 + Level 5.3 Hexes
 + Level 0.1 Charms
 + Level 0.1 Summonings
 + Level 0.1 Necromancy
 + Level 0.1 Translocations
 + Level 2.0 Transmutations
 + Level 0.1 Fire Magic
 + Level 0.1 Ice Magic
 + Level 0.1 Air Magic
 + Level 0.1 Earth Magic
 + Level 0.1 Poison Magic
 + Level 0.3 Invocations
 + Level 2.4 Evocations


You had 6 spell levels left.
You didn't know any spells.

Dungeon Overview and Level Annotations

Branches:
Dungeon (1/15)

Altars:


Innate Abilities, Weirdness & Mutations

Your experience applies equally to all skills.
You have very sharp teeth.
Your uncanny sense of smell can sniff out nearby items.


Message History

The giant cockroach bites you.
You hit the giant cockroach.
You kill the giant cockroach!
You have reached level 2!
The bat misses you. The hobgoblin hits you with a club.
* * * LOW HITPOINT WARNING * * *
You closely miss the hobgoblin.
The hobgoblin is moderately wounded.
The bat hits you but does no damage. The hobgoblin misses you.
The hobgoblin hits you with a club.
* * * LOW HITPOINT WARNING * * *
You closely miss the hobgoblin.
The hobgoblin is moderately wounded.
The bat closely misses you. The hobgoblin barely misses you.
You closely miss the hobgoblin.
The hobgoblin is moderately wounded.
The bat hits you.
* * * LOW HITPOINT WARNING * * *
The hobgoblin hits you with a club.
You die...

...#####...........#
###..#......#)#......###
.........##.#.#......##.
.###..####...#..##..####'
g...[......####.. ..#≈≈≈≈
#......#### #....#≈#≈<
...#.#....# ... #≈###
..........##.###.... #≈≈≈
.#......@†.....# #≈###
........g)......
.#..#..b..?.....
................
#.#.#..#........
....##.#.......# ..
..........# ..?........#


You could see a hobgoblin and a bat.

Vanquished Creatures
  A bat (D:1)
  A giant cockroach (D:1)
  A goblin (D:1)
  A hobgoblin (D:1)
  2 rats (D:1)
6 creatures vanquished.

Notes
Turn   | Place    | Note
-------+----------+-------------------------------------------
     0 | D:1      | xccam the Gnoll Wanderer began the quest for the Orb.
     0 | D:1      | xccam set off with: a scroll of teleportation, a +0 robe, a +0 club, a ration
     0 | D:1      | Reached XP level 1. HP: 20/20 MP: 4/4
   102 | D:1      | Reached XP level 2. HP: 9/26 MP: 5/5
   105 | D:1      | Slain by a hobgoblin

Vault maps used:
D:1:      ncdulo_wetmaze, kennysheep_another_room

Skill      XL: |  1 |
---------------+----+-----
Transmutations | 2 |  2.0
Fighting       | |  4.4
Short Blades   | |  0.2
Long Blades    | |  0.2
Axes           | |  0.2
Maces & Flails | |  0.2
Polearms       | |  0.2
Staves         | |  0.2
Slings         | |  0.2
Bows           | |  0.2
Crossbows      | |  0.2
Throwing       | |  0.2
Armour         | |  2.4
Dodging        | |  0.2
Stealth        | |  0.2
Shields        | |  2.4
Unarmed Combat | |  0.2
Spellcasting   | |  2.6
Conjurations   | |  0.1
Hexes          | |  5.3
Charms         | |  0.1
Summonings     | |  0.1
Necromancy     | |  0.1
Translocations | |  0.1
Fire Magic     | |  0.1
Ice Magic      | |  0.1
Air Magic      | |  0.1
Earth Magic    | |  0.1
Poison Magic   | |  0.1
Invocations    | |  0.3
Evocations     | |  2.4

Action                   || total
-------------------------++-------
Melee: Club              ||    27
       Bite              ||     3
Armor: Robe              ||    12
Dodge: Dodged            ||    38

Table legend:
 A = Spawn XP
 B = Non-spawn XP
 C = Spawn XP percentage of total XP
 D = Spawn monster count
 E = Non-spawn monster count
 F = Spawn count percentage of total count
 G = Total turns spent on level
                    A         B        C        D         E        F      G
               +---------+---------+-------+---------+---------+-------+---------
         Total |       0 |      10 |   0.0 |       0 |       6 |   0.0 |   105
               +---------+---------+-------+---------+---------+-------+---------
           D:1 |       0 |      10 |   0.0 |       0 |       6 |   0.0 |   105
               +---------+---------+-------+---------+---------+-------+---------
